 Dungeon Crawl Stone Soup version 0.27.0-1-g7a089689b8 (console) character file.

Game seed: 2397777155457474527

92 jejorda2 the Cutter (level 4, -2/24 HPs)
             Began as a Vine Stalker Berserker on Aug 14, 2021.
             Was a Believer of Trog.
             Succumbed to Robin's poison
             ... on level 2 of the Dungeon.
             The game lasted 00:04:52 (2175 turns).

jejorda2 the Cutter (Vine Stalker Berserker)        Turns: 2175, Time: 00:04:52

Health: -2/24      AC:  6    Str: 20    XL:     4   Next: 60%
Magic:  2/5        EV: 10    Int:  7    God:    Trog [**....]
Gold:   33         SH:  0    Dex: 14    Spells: 3/3 levels left

rFire    . . .     SeeInvis .   m - +2 dagger (holy)
rCold    . . .     Faith    .   (no shield)
rNeg     . . .     Spirit   +   j - +0 scale mail
rPois    .         Reflect  .   (no helmet)
rElec    .         Harm     .   (no cloak)
rCorr    .         Rampage  .   (no gloves)
Will     ++...                  (no boots)
Stlth    ..........             (no amulet)
HPRegen  2.08/turn              (no ring)
MPRegen  0.09/turn              (no ring)

@: lethally poisoned (-2 -> -17), strong-willed, regenerating, hasted, very
quick
A: fangs 2, regeneration 1, magic shield, antimagic bite, no potion heal 2
a: Renounce Religion, Berserk, Trog's Hand


You were on level 2 of the Dungeon.
You worshipped Trog.
Trog was pleased with you.
You visited 1 branch of the dungeon, and saw 2 of its levels.

You collected 33 gold pieces.

Inventory:

Hand Weapons
 d - a +0 short sword
 m - a +2 dagger of holy wrath (weapon)
Missiles
 b - a throwing net
 i - 24 stones (quivered)
Armour
 j - a +0 scale mail (worn)
Scrolls
 a - a scroll of teleportation {unknown}
 c - a scroll of magic mapping {unknown}
 e - 2 scrolls of identify {unknown}
 f - a scroll of fog {unknown}
 g - a scroll of amnesia {unknown}
 k - a scroll of silence {unknown}
 l - a scroll of enchant weapon {unknown}
Potions
 n - a potion of lignification {unknown}


   Skills:
 + Level 3.3 Fighting
 * Level 3.9 Short Blades
 + Level 2.3 Armour
 - Level 1.5 Dodging


You had 3 spell levels left.
You didn't know any spells.
Your spell library was empty.

Dungeon Overview and Level Annotations

Branches:
Dungeon (2/15)

Altars:

Shops:
D:2 =

Annotations:
D:2 Robin


Innate Abilities, Weirdness & Mutations

You have extremely sharp teeth.
Your natural rate of healing is unusually fast.
When hurt, damage is shared between your health and your magic reserves.
Your bite disrupts and absorbs the magic of your enemies.
Potions cannot restore your health.


Message History

Robin barely misses you.
You closely miss the goblin. Your bite misses the goblin.
The goblin hits you but does no damage. The goblin closely misses you.
The hobgoblin hits you.
Robin's bangles clink loudly.
Robin hits you but does no damage.
You are poisoned.
You hit the goblin.
The goblin is severely wounded.
You feel sick. The goblin hits you with a +0 dagger.
The goblin closely misses you.
The hobgoblin hits you but does no damage.
You hit the goblin.
You kill the goblin!
Trog accepts your kill.
You feel sick. Robin barely misses you. The goblin closely misses you.
You puncture the goblin!
You kill the goblin!
Trog accepts your kill.
You feel sick. The hobgoblin closely misses you.
Robin hits you from afar with a +3 spear of venom!
You are more poisoned.
You closely miss the hobgoblin. You bite the hobgoblin. You drain its power.
You feel invigorated.
The hobgoblin is heavily wounded.
You feel very sick. The hobgoblin closely misses you.
Robin hits you from afar with a +3 spear of venom.
* * * LOW HITPOINT WARNING * * *
You are more poisoned.
Your skin crawls.
You feel strong-willed.
* * * LOW HITPOINT WARNING * * *
You feel very sick. The hobgoblin closely misses you.
Robin hits you from afar with a +3 spear of venom.
* * * LOW HITPOINT WARNING * * *
You are more poisoned.
It was a potion of haste.
You feel yourself speed up.
You die...

#.###...###.###.##. #.#
#.............. #.#
#...###.###.### #.#
#######+## #.# ##...##
#.# ##.....## #.##
##.......## #
...####.........####...#
......'†.......)@gg((..(
...####........)####(((#
..## ##.......## . .##
#.......## .# #.##...##
.# #+ ##### .# .# .#


You could see Robin and a hobgoblin (strong).

Vanquished Creatures
  2 adders (D:2)
  A gnoll (D:2)
  A worm (D:2)
  A dart slug (D:2)
  3 ball pythons
  3 endoplasms
  3 giant cockroaches
  13 goblins
  3 hobgoblins (D:2)
  A quokka (D:2)
  4 bats (D:1)
  3 frilled lizards
  9 kobolds
  11 rats
58 creatures vanquished.

Notes
Turn   | Place    | Note
-------+----------+-------------------------------------------
     0 | D:1      | jejorda2 the Vine Stalker Berserker began the quest for the
                  | Orb.
     0 | D:1      | Reached XP level 1. HP: 11/11 MP: 2/2
   192 | D:1      | Reached XP level 2. HP: 15/16 MP: 3/3
   449 | D:1      | Reached ** piety under Trog
   519 | D:1      | Reached XP level 3. HP: 20/20 MP: 4/4
  1620 | D:2      | Found Cer Enupp's Jewellery Shoppe.
  1817 | D:2      | Gained mutation: Your natural rate of healing is unusually
                  | fast. [Vine Stalker growth]
  1817 | D:2      | Reached XP level 4. HP: 13/24 MP: 3/5
  2156 | D:2      | Noticed Robin
  2175 | D:2      | Succumbed to Robin's poison

Illustrated notes

Levels and vault maps discovered:
D:1:      scummos_arrival_simple_fountains, layout_basic, serial_park_tiny_2,
          minmay_cupped
D:2:      layout_loops_corners, serial_shops, nicolae_diamond_shop, st_stairs_9,
          kennysheep_generic_room_10, uniq_robin

Skill      XL: |  1  2  3 |
---------------+----------+-----
Short Blades   | 3 |  3.9
Fighting       | 3 |  3.3
Armour         | 2 |  2.3
Dodging        | |  1.5

Action                   |  1- 3 |  4- 6 || total
-------------------------+-------+-------++-------
Melee: Short sword       |    45 |       ||    45
       Bite              |    40 |     9 ||    49
       Dagger            |    85 |    38 ||   123
Throw: Stone             |    39 |    20 ||    59
Invok: Trog's Hand       |       |     1 ||     1
  Use: Potion            |       |     1 ||     1
Armor: Ring mail         |    36 |       ||    36
       Animal skin       |     4 |       ||     4
       Scale mail        |     6 |    18 ||    24
Dodge: Dodged            |    68 |    21 ||    89
